 Dungeon Crawl Stone Soup version 0.28.0-45-g0d030f2227 (webtiles) character file.

Game seed: 12178915849225110566

9566 RascalDebosk the Fighter (level 11, -3/87 HPs)
             Began as a Demonspawn Berserker on Apr 11, 2022.
             Was an Elder of Trog.
             Succumbed to a death drake's dark miasma
             ... on level 9 of the Dungeon.
             The game lasted 01:25:49 (10491 turns).

RascalDebosk the Fighter (Demonspawn Berserker)    Turns: 10491, Time: 01:25:51

Health: -3/87      AC: 24    Str: 33    XL:     11   Next: 24%
Magic:  3/3        EV: 10    Int:  9    God:    Trog [****..]
Gold:   202        SH:  0    Dex: 13    Spells: 10/10 levels left

rFire   . . .      SeeInvis +   L - +12 broad axe "Vaned" {antimagic, rC+}
rCold   + . .      Faith    .   (no shield)
rNeg    . . .      Spirit   .   g - +1 plate armour
rPois   .          Reflect  .   N - +2 helmet {SInv}
rElec   .          Harm     .   d - +2 cloak
rCorr   .          Rampage  .   K - +0 pair of gloves
Will    .....                   z - +1 pair of boots
Stlth   ..........              x - amulet of the acrobat
HPRegen 0.24/turn               f - +6 ring of strength
MPRegen 0.08/turn               n - +6 ring of strength

@: lethally poisoned (-3 -> -38), on berserk cooldown, slowed, very slow
A: powered by death 2, sturdy frame 2, demonic touch 2
a: Renounce Religion, Berserk, Trog's Hand, Brothers in Arms


You were on level 9 of the Dungeon.
You worshipped Trog.
Trog was greatly pleased with you.
You visited 2 branches of the dungeon, and saw 11 of its levels.
You also visited: Ossuary.

You collected 503 gold pieces.
You spent 301 gold pieces at shops.

Inventory:

Hand Weapons
 k - a +5 dire flail of freezing
 D - a +5 war axe of draining
 L - the +12 broad axe "Vaned" (weapon) {antimagic, rC+}
   (You took it off an orc priest on level 10 of the Dungeon)

   It reduces the magical energy of the wielder, and disrupts the spells and
   magical abilities of those it strikes.
   Natural abilities and divine invocations are not affected.
   rC:        It protects you from cold.
Missiles
 e - 5 boomerangs (quivered)
 l - 2 throwing nets
 q - a boomerang of dispersal
 r - a datura-tipped dart
 G - 11 poisoned darts
 J - 9 curare-tipped darts
Armour
 d - a +2 cloak (worn)
 g - a +1 plate armour (worn)
 z - a +1 pair of boots (worn)
 K - a +0 pair of gloves (worn)
 N - a +2 helmet of see invisible (worn)
Jewellery
 f - a +6 ring of strength (left hand)
 n - a +6 ring of strength (right hand)
 x - an amulet of the acrobat (around neck)
 y - a ring of ice
 B - an amulet of faith
Wands
 j - a wand of acid (9)
 A - a wand of polymorph (12)
 C - a wand of digging (6)
 M - a wand of flame (35)
 P - a wand of paralysis (3)
Scrolls
 b - 6 scrolls of teleportation
 p - 3 scrolls of magic mapping
 s - 2 scrolls of fear
 t - a scroll of enchant armour
 v - a scroll of silence
Potions
 c - 2 potions of magic
 h - 7 potions of curing
 i - 3 potions of cancellation
 m - a potion of haste
 o - 4 potions of mutation
 u - 2 potions of attraction
 w - 4 potions of might
 E - 3 potions of heal wounds
 F - a potion of ambrosia
 H - 3 potions of lignification
 I - a potion of flight {unknown}


   Skills:
 + Level 8.5 Fighting
 + Level 7.8 Axes
 + Level 7.2 Throwing
 + Level 7.5 Armour
 - Level 1.7 Dodging
 + Level 7.8 Evocations


You had 10 spell levels left.
You didn't know any spells.
Your spell library was empty.

Dungeon Overview and Level Annotations

Branches:
Dungeon (10/15)            Temple (1/1) D:4            Lair (0/6) D:9
Ossuary (visited)
    Orc: D:9-12

Altars:
Ashenzari
Cheibriados
Dithmenos
Elyvilon
Fedhas
Gozag
Hepliaklqana
Kikubaaqudgha
Makhleb
Okawaru
Qazlal
Ru
Sif Muna
Trog
Uskayaw
Vehumet
Wu Jian
Xom
Yredelemnul
The Shining One

Shops:
D:4 [   D:7 (   D:8 *

Annotations:
D:10 1 runed translucent door


Innate Abilities, Weirdness & Mutations

You regenerate health from kills.
Your movements are less encumbered by armour. (ER -4)
Your touch may inflict irresistible damage on your foes.


Message History

A culicivora comes into view.
The deep elf pyromancer casts a spell.
The deep elf pyromancer blinks!
The floating eye's stare focuses on you.
A hornet comes into view.
The hornet buzzes angrily.
You slash the floating eye!
The floating eye's magic leaks into the air.
The floating eye is heavily wounded.
You hear a shout!
The floating eye's magic is no longer disrupted.
The floating eye changes into a sea snake!
Blink to where?
Press: ? - help, Dir - move target
As you read the scroll of blinking, it crumbles to dust.
The sea snake changes into a death drake!
Things that are here:
a +0 falchion; a +0 leather armour; a scroll of teleportation The death drake breathes miasma at you.
The foul vapour engulfs you.
You are poisoned.
Unknown command.
You are engulfed in dark miasma.
You are more poisoned.
You feel extremely sick. The death drake breathes miasma at you.
The foul vapour engulfs you!
You are lethally poisoned!
There is a stone staircase leading up here.
You feel better. The death drake breathes miasma at you.
The foul vapour engulfs you!
You are poisoned.
You are engulfed in dark miasma.
You are lethally poisoned!
* * * LOW HITPOINT WARNING * * *
You feel extremely sick.
The death drake bites you but does no damage.
You climb upwards.
You die...

####.#####.#)...#.#....###....P..
#.## ##.#.####...#### #...P.P.
#..# #..#.# #.#.# ##...PP..
##.###....# #.#.# #......PP
#.....#######.#.# #.##.....
#.##.##.........# #.###....
#.#..##.........# ##.###....
#.#...#.........####..##.....
#.#.#.#.....@........###.##.#
#.#.#..#######...........##.#
#.#.##.### #######....###.#
#.#.##...# ###⌠#⌠####...###..
#.#.####.###≈≈≈≈§§≈####......
#.#.# #..#⌠≈§....≈⌠# #######
#...# #####≈§._..≈## # #...#
#⌠≈.§...§⌠######### #...#
##≈≈§.≈≈§##.......#


There were no monsters in sight!

Vanquished Creatures
  A centaur warrior (D:10)
  3 two-headed ogres
  An ogre mage (D:10)
  3 ugly things
  A kobold demonologist (D:9)
  A hornet (D:8)
  3 wyverns
  A yak (D:9)
  A wraith (Ossuary)
  An acid dragon (D:10)
  2 water moccasins
  2 ice beasts
  3 orc warriors
  A sky beast (D:7)
  3 black bears (D:9)
  4 ogres
  A necrophage (D:6)
  2 centaurs
  3 kobold brigands
  4 bullfrogs
  3 scorpions
  A water moccasin skeleton (D:4)
  5 killer bees (D:7)
  12 wights
  An electric eel (D:6)
  3 howler monkeys (D:7)
  2 centaur zombies
  3 hounds
  A jelly (D:6)
  5 orc priests
  A bullfrog skeleton (D:6)
  3 iguanas
  10 orc wizards
  2 killer bee zombies
  A hound zombie (D:5)
  2 hound skeletons
  3 mummies (Ossuary)
  2 howler monkey skeletons
  4 adders
  A shadow imp (D:5)
  An adder skeleton (D:4)
  3 dart slugs
  28 orcs
  7 endoplasms
  2 giant cockroaches (D:1)
  4 goblins
  6 hobgoblins
  13 kobolds
  5 quokkas
  11 ball pythons
  8 bats
  6 frilled lizards
  5 goblin zombies (Ossuary)
  2 hobgoblin zombies (Ossuary)
  6 rats
  A spectral orc (D:4)
214 creatures vanquished.

Vanquished Creatures (collateral kills)
  A white imp (D:7)
  3 kobolds (D:7)
4 creatures vanquished.

Vanquished Creatures (others)
  9 fungi (D:9)
  5 plants (D:9)
14 creatures vanquished.

Grand Total: 232 creatures vanquished

Notes
Turn   | Place    | Note
-------+----------+-------------------------------------------
     0 | D:1      | RascalDebosk the Demonspawn Berserker began the quest for
                  | the Orb.
     0 | D:1      | Reached XP level 1. HP: 18/18 MP: 1/1
   540 | D:1      | Gained mutation: Your movements are slightly less
                  | encumbered by armour. (ER -2) [demonic ancestry]
   540 | D:1      | Reached XP level 2. HP: 19/24 MP: 2/2
  1606 | D:2      | Reached skill level 1 in Evocations
  1626 | D:2      | Gained mutation: Your movements are less encumbered by
                  | armour. (ER -4) [demonic ancestry]
  1626 | D:2      | Reached XP level 3. HP: 29/29 MP: 3/3
  1639 | D:2      | Reached skill level 1 in Throwing
  1760 | D:2      | Reached ** piety under Trog
  2271 | D:2      | Gained mutation: Your touch may inflict minor irresistible
                  | damage on your foes. [demonic ancestry]
  2271 | D:2      | Reached XP level 4. HP: 24/35 MP: 4/4
  2584 | D:3      | Found a faded altar of an unknown god.
  2699 | D:3      | Found a stormy altar of Qazlal.
  3078 | D:4      | Found Olaklij's Armour Shop.
  3262 | D:4      | Gained mutation: You regenerate a little health from kills.
                  | [demonic ancestry]
  3262 | D:4      | Reached XP level 5. HP: 28/42 MP: 5/5
  3262 | D:4      | Found a staircase to the Ecumenical Temple.
  3292 | D:4      | Found a sand-covered staircase.
  3297 | Ossuary  | Entered an ossuary
  3297 | Ossuary  | Noticed a wraith
  3297 | Ossuary  | Noticed a wraith
  3297 | Ossuary  | Noticed a wraith
  3462 | Ossuary  | Noticed a wraith
  3478 | Ossuary  | Killed a wraith
  3479 | Ossuary  | Reached skill level 4 in Fighting
  3479 | Ossuary  | Gained mutation: You regenerate health from kills. [demonic
                  | ancestry]
  3479 | Ossuary  | Reached XP level 6. HP: 22/48 MP: 6/6
  4041 | D:4      | Found a broken altar of Ashenzari.
  4074 | D:4      | Found an iron altar of Okawaru.
  4207 | D:4      | Found a hazy altar of Hepliaklqana.
  4209 | D:4      | Reached *** piety under Trog
  4324 | D:4      | Found a shimmering blue altar of Sif Muna.
  4816 | Temple   | Entered the Ecumenical Temple
  5060 | D:5      | Entered Level 5 of the Dungeon
  5199 | D:5      | Reached XP level 7. HP: 48/55 MP: 7/7
  5304 | D:5      | Noticed a wyvern
  5308 | D:5      | Killed a wyvern
  5656 | D:5      | Found a snail-covered altar of Cheibriados.
  5679 | D:5      | Reached skill level 5 in Fighting
  5902 | D:6      | Reached XP level 8. HP: 53/62 MP: 8/8
  6189 | D:6      | Reached skill level 5 in Axes
  6307 | D:6      | Noticed a green ugly thing
  6320 | D:6      | Killed a green ugly thing
  6321 | D:6      | Reached skill level 5 in Armour
  6322 | D:6      | Reached skill level 6 in Fighting
  6322 | D:6      | Reached skill level 5 in Evocations
  6322 | D:6      | Reached XP level 9. HP: 29/69 MP: 9/9
  6833 | D:6      | Found an ornate altar of the Wu Jian Council.
  7288 | D:7      | Reached skill level 5 in Throwing
  7390 | D:6      | Reached **** piety under Trog
  7657 | D:7      | Noticed a two-headed ogre
  7665 | D:7      | Killed a two-headed ogre
  7666 | D:7      | Reached skill level 7 in Fighting
  7871 | D:7      | Gained mutation: Your touch may inflict irresistible damage
                  | on your foes. [demonic ancestry]
  7871 | D:7      | Reached XP level 10. HP: 79/79 MP: 10/10
  8032 | D:7      | Found Gadits's Firing Range.
  8141 | D:7      | Found a radiant altar of Vehumet.
  8515 | D:8      | Noticed a brown ugly thing
  8536 | D:8      | Killed a brown ugly thing
  8778 | D:8      | Found Feimaun's Overcharged Wands.
  8910 | D:4      | Bought a +2 helmet of see invisible for 301 gold pieces
  9232 | D:8      | Noticed a two-headed ogre
  9241 | D:8      | Killed a two-headed ogre
  9586 | D:9      | Reached skill level 8 in Fighting
  9641 | D:9      | Found a staircase to the Lair.
 10120 | D:9      | Found a burning altar of Makhleb.
 10275 | D:10     | Entered Level 10 of the Dungeon
 10275 | D:10     | Noticed a two-headed ogre
 10282 | D:10     | Killed a two-headed ogre
 10283 | D:10     | Reached XP level 11. HP: 72/86 MP: 11/11
 10446 | D:10     | Identified the +12 broad axe "Vaned" {antimagic, rC+}
 10451 | D:10     | Noticed a red ugly thing
 10454 | D:10     | Noticed a centaur warrior
 10457 | D:10     | Noticed an ogre mage
 10463 | D:10     | Killed a red ugly thing
 10467 | D:10     | Killed a centaur warrior
 10470 | D:10     | Killed an ogre mage
 10474 | D:10     | Noticed a centaur warrior
 10475 | D:10     | Found a runed translucent door.
 10475 | D:10     | Noticed a centaur warrior
 10475 | D:10     | Noticed a deep elf pyromancer
 10476 | D:10     | Noticed a catoblepas
 10481 | D:10     | Noticed a sea snake
 10481 | D:10     | a floating eye changed into a sea snake
 10484 | D:10     | Noticed a death drake
 10484 | D:10     | a sea snake changed into a death drake
 10491 | D:9      | Succumbed to a death drake's dark miasma

Illustrated notes

Levels and vault maps discovered:
D:1:      nzn_arrival_crosshair, layout_basic
D:2:      minmay_razor_zed, layout_rooms, minmay_tromino_v4_c
D:3:      layout_basic, grunt_qazlal_sundering,
          hellmonk_ecumenical_altar_lost_god
D:4:      layout_rooms, nicolae_hepliaklqana_monster_ancestors, tgw_sif,
          mainiacjoe_overflow_cross_hatched, lemuel_coloured_pillars_altar,
          enter_ossuary_5, serial_shops, nicolae_stop_n_shop_2
D:5:      layout_loops_ring, mainiacjoe_overflow_brackets
D:6:      minmay_angry_zag, layout_basic, general_overflow_altar,
          lightli_minifort
D:7:      layout_cave_pools, lemuel_round_altar, nicolae_shop_firing_range
D:8:      layout_basic, nicolae_shop_overcharged_wands
D:9:      layout_rooms, lightli_temple_of_fire, grunt_lair_entry_orc_guard_hut
D:10:     minmay_the_grid_triangle_9x9_recursive_2_mashed
          [minmay_the_grid_triangle_9x9_prize_insulated,
          minmay_the_grid_triangle_9x9_swiss_cheese,
          minmay_the_grid_triangle_9x9_subtriangle,
          minmay_the_grid_triangle_9x9_from_above], layout_loops_ring,
          amcnicky_altar_gilded, zin_purify, minmay_misc_feat_tower,
          st_stairs_6, grunt_decor_fettered
Temple:   minmay_temple_curvy_loop

Skill      XL: |  1  2  3  4  5  6  7  8  9 10 11 |
---------------+----------------------------------+-----
Armour         | 2 3 4 5 6 7 |  7.5
Evocations     | 1 2 3 5 6 7 |  7.8
Axes           | 3 4 5 6 7 |  7.8
Throwing       | 1 2 3 4 5 6 7 |  7.2
Fighting       | 4 5 6 7 8 |  8.5
Dodging        | |  1.7

Action                   |  1- 3 |  4- 6 |  7- 9 | 10-12 || total
-------------------------+-------+-------+-------+-------++-------
Melee: Hand axe          |   140 |   146 |   185 |       ||   471
       Punch             |     3 |     1 |     1 |     1 ||     6
       Touch             |       |    31 |    36 |    28 ||    95
       Dire flail        |       |       |    19 |    15 ||    34
       War axe           |       |       |     5 |   134 ||   139
       Broad axe         |       |       |       |    17 ||    17
Throw: Boomerang         |       |     2 |     5 |    26 ||    33
Invok: Berserk           |       |     1 |     8 |     5 ||    14
       Trog's Hand       |       |     1 |     3 |     1 ||     5
       Brothers in Arms  |       |       |     1 |       ||     1
  Use: Scroll            |       |    11 |     3 |    11 ||    25
       Potion            |       |       |     2 |     2 ||     4
Armor: Animal skin       |     4 |       |       |       ||     4
       Chain mail        |    96 |    62 |       |       ||   158
       Plate armour      |       |    10 |   166 |    94 ||   270
Dodge: Dodged            |    76 |    76 |   146 |   111 ||   409
